 Dungeon Crawl Stone Soup version 0.24.0-13-gcf9b319 (webtiles) character file.

Game seed: 1328788686372743708, levelgen mode: deterministic

20 pascalblue the Sneak (level 2, 0/24 HPs)
             Began as a Naga Enchanter on Apr 6, 2020.
             Was an Initiate of Sif Muna.
             Slain by a jackal (3 damage)
             ... on level 2 of the Dungeon.
             The game lasted 00:03:17 (926 turns).

pascalblue the Sneak (Naga Enchanter)                Turns: 926, Time: 00:03:17

Health: 0/24       AC:  1    Str: 10    XL:     2   Next: 79%
Magic:  5/5        EV: 10    Int: 15    God:    Sif Muna [......]
Gold:   30         SH:  0    Dex: 11    Spells: 2/5 levels left

rFire    . . .     SeeInvis +   a - +1 dagger
rCold    . . .     Gourm    .   (no shield)
rNeg     + . .     Faith    .   b - +0 robe
rPois    +         Spirit   .   (no helmet)
rElec    .         Reflect  .   (no cloak)
rCorr    .         Harm     .   (no gloves)
MR       .....                  (no barding)
Stlth    +++.......             g - amulet of rage
HPRegen  0.08/turn              p - ring of positive energy
MPRegen  0.09/turn              (no ring)

@: very slow
A: large, see invisible, deformed body, poison resistance, slowness 2, slow
metabolism 1, spit poison 1, AC +0
a: Spit Poison, Renounce Religion, Evoke Berserk Rage


You were on level 2 of the Dungeon.
You worshipped Sif Muna.
Sif Muna was noncommittal.
You were not hungry.

You visited 1 branch of the dungeon, and saw 2 of its levels.

You collected 30 gold pieces.

Inventory:

Hand Weapons
 a - a +1 dagger (weapon)
Missiles
 e - 56 arrows
 h - 8 poisoned darts (quivered)
 m - 4 boomerangs
Armour
 b - a +0 robe (worn)
 k - a +0 pair of boots
 l - a +0 large shield
Jewellery
 g - an amulet of rage (around neck)
 p - a ring of positive energy (left hand)
Scrolls
 f - 2 scrolls of identify {unknown}
 i - a scroll of noise {unknown}
 n - a scroll of enchant weapon {unknown}
Potions
 c - a potion of degeneration {unknown}
 j - a potion of curing {unknown}
 o - a potion of might {unknown}
Comestibles
 d - a ration


   Skills:
 + Level 0.5 Fighting
 + Level 1.4 Short Blades
 - Level 1.5 Dodging
 + Level 4.6 Stealth
 + Level 2.1 Spellcasting
 * Level 3.3 Hexes
 + Level 0.2 Ice Magic
 + Level 0.1 Evocations


You had 2 spell levels left.
You knew the following spells:

 Your Spells              Type           Power        Failure   Level  Hunger
a - Corona                Hex            ##.....      5%          1    #......
b - Ensorcelled Hibernat  Hex/Ice        #.....       16%         2    ###....

Your spell library contained the following spells:

 Spells                   Type           Power        Failure   Level  Hunger
 Confuse                  Hex            ##......     17%         3    ###....
 Tukima's Dance           Hex            ##......     17%         3    ###....
 Dazzling Spray           Conj/Hex       #.....       32%         3    ###....


Dungeon Overview and Level Annotations

Branches:
Dungeon (2/15)

Altars:
Sif Muna


Innate Abilities, Weirdness & Mutations

You cannot wear boots.
Your serpentine skin is tough. (AC +0)
You have supernaturally acute eyesight. (SInv)
Armour fits poorly on your strangely shaped body.
Your system is resistant to poisons. (rPois)
You cover ground very slowly.
You have a slow metabolism.
You can spit poison.


Message History

The jackal closely misses you. The jackal bites you.
The jackal closely misses you.
You hit the jackal.
You kill the jackal!
Sif Muna accepts your kill. The jackal bites you.
You barely miss the jackal. The jackal barely misses you. The jackal bites you.
You closely miss the jackal. The jackal misses you.
The jackal barely misses you. The jackal bites you.
You hit the jackal.
The jackal is almost dead.
The jackal bites you. The jackal barely misses you. The jackal bites you.
* * * LOW HITPOINT WARNING * * *
You hit the jackal.
You kill the jackal!
Sif Muna accepts your kill. The jackal bites you.
* * * LOW HITPOINT WARNING * * *
The jackal closely misses you. The jackal bites you.
You die...

... ... #.# . #.#
.. #.# ..#.###
##.##
.......##...###
#..%......rhh#
.K.....##...#@#
.#..#.. ##.##.#
... #..###.##.####
. .........#...#
......####.##.#
#######. #.##.#
##≈≈≈≈≈## #.##.#
#≈≈≈≈≈≈≈# #.##.#
#≈≈...≈≈#####.##.#


You could see 2 jackals and a rat.

Vanquished Creatures
  A leopard gecko (D:1)
  A ball python (D:2)
  4 bats
  A giant cockroach (D:1)
  A goblin (D:1)
  3 hobgoblins (D:1)
  2 jackals (D:2)
  A frilled lizard (D:1)
  3 rats (D:1)
17 creatures vanquished.

Notes
Turn   | Place    | Note
-------+----------+-------------------------------------------
     0 | D:1      | pascalblue the Naga Enchanter began the quest for the Orb.
     0 | D:1      | Reached XP level 1. HP: 15/15 MP: 3/3
   183 | D:1      | Reached XP level 2. HP: 13/24 MP: 5/5
   379 | D:1      | Learned a level 2 spell: Ensorcelled Hibernation
   871 | D:2      | Found a shimmering blue altar of Sif Muna.
   877 | D:2      | Became a worshipper of Sif Muna the Loreminder
   926 | D:2      | Slain by a jackal

Levels and vault maps discovered:
D:1:      dpeg_arrival_rooms_c, layout_basic, chequers_decorated_corner
D:2:      layout_loops_ring, led_sif_pool, first_ration,
          nicolae_ru_the_path_less_chosen

Action                   || total
-------------------------++-------
Melee: Dagger            ||    75
 Cast: Corona            ||     3
 Stab: Sleeping          ||     4
Armor: Robe              ||    18
Dodge: Dodged            ||    65
